 Dungeon Crawl Stone Soup version 0.25.1-9-gc5326a611f (webtiles) character file.

Game seed: 14629268257285862898

4 Destapler the Digger (level 1, -1/10 HPs)
             Began as a Gargoyle Earth Elementalist on Jan 2, 2021.
             Slain by a hobgoblin
             ... wielding a +0 club
              (5 damage)
             ... on level 1 of the Dungeon.
             The game lasted 00:01:26 (290 turns).

Destapler the Digger (Gargoyle Earth Elementalist)   Turns: 290, Time: 00:01:26

Health: -1/10      AC:  5    Str: 11    XL:     1   Next: 60%
Magic:  3/3        EV: 11    Int: 15    God:
Gold:   7          SH:  0    Dex: 10    Spells: 3/4 levels left

rFire    . . .     SeeInvis .   g - +0 whip
rCold    . . .     Gourm    .   (no shield)
rNeg     + . .     Faith    .   e - +0 leather armour
rPois    ∞         Spirit   .   (no helmet)
rElec    +         Reflect  .   (no cloak)
rCorr    .         Harm     .   (no gloves)
MR       .....                  (no boots)
Stlth    ++........             (no amulet)
HPRegen  0.03/turn              (no ring)
MPRegen  0.08/turn              (no ring)

@: no status effects
A: negative energy resistance 1, electricity resistance, unbreathing,
petrification resistance, rot immunity, AC +2
a: no special abilities


You were on level 1 of the Dungeon.
You were not hungry.

You visited 1 branch of the dungeon, and saw 1 of its levels.

You collected 7 gold pieces.

Inventory:

Hand Weapons
 g - a +0 whip (weapon)
Missiles
 b - 46 stones (quivered)
 h - 8 boomerangs
Armour
 c - a +0 robe
 e - a +0 leather armour (worn)
Scrolls
 a - a scroll of identify {unknown}
Comestibles
 d - a ration
 f - a chunk of flesh


   Skills:
 + Level 0.0 Fighting
 + Level 0.1 Maces & Flails
 + Level 0.0 Throwing
 + Level 0.0 Armour
 + Level 1.6 Dodging
 + Level 2.3 Stealth
 + Level 2.0 Spellcasting
   Level 0.7 Transmutations
 + Level 3.7 Earth Magic


You had 3 spell levels left.
You knew the following spells:

 Your Spells              Type           Power        Failure   Level  Hunger
a - Sandblast             Erth           ##....       6%          1    #......

Your spell library contained the following spells:

 Spells                   Type           Power        Failure   Level  Hunger
 Passwall                 Tmut/Erth      #.......     19%         2    ###....
 Stone Arrow              Conj/Erth      #.....       38%         3    ###....
 Petrify                  Tmut/Erth      #.......     75%         4    #####..
 Lee's Rapid Deconstruct  Erth           ##........   87%         5    ######.


Dungeon Overview and Level Annotations

Branches:
Dungeon (1/15)

Altars:


Innate Abilities, Weirdness & Mutations

You are resistant to torment.
Your stone body is resilient. (AC +2)
You are immune to poison.
You resist negative energy. (rN+)
You are resistant to electric shocks. (rElec)
You can survive without breathing.
You are immune to petrification.
You are immune to rotting.


Message History

The frilled lizard barely misses you.
You miss the frilled lizard. The frilled lizard bites you.
The frilled lizard barely misses you.
You barely miss the rat. The rat barely misses you.
The hobgoblin hits you with a +0 club.
* * * LOW HITPOINT WARNING * * *
The frilled lizard barely misses you. The rat misses you.
The rat twitches its whiskers.
You barely miss the rat. The rat bites you but does no damage.
You hit the rat.
You kill the rat!
You closely miss the hobgoblin.
The hobgoblin hits you but does no damage.
You hit the hobgoblin but do no damage. The hobgoblin barely misses you.
You hit the hobgoblin.
The hobgoblin is almost dead.
The hobgoblin hits you with a +0 club.
Ouch! That really hurt!
You die...

..#############.# ###
#.# #.#
###########.###.#
................#
#.........#####
#.........## ##.
#..........# ....
#....)...#@# .....
#........#g#####......
+.........lg..........
#............g........
#####.................
#.................
#...........##+##.
.............#
.##......!....#


You could see a hobgoblin, a goblin and a frilled lizard.

Vanquished Creatures
  A bat (D:1)
  A goblin (D:1)
  A kobold (D:1)
  A rat (D:1)
4 creatures vanquished.

Notes
Turn   | Place    | Note
-------+----------+-------------------------------------------
     0 | D:1      | Destapler the Gargoyle Earth Elementalist began the quest
                  | for the Orb.
     0 | D:1      | Reached XP level 1. HP: 10/10 MP: 3/3
   290 | D:1      | Slain by a hobgoblin

Illustrated notes

Levels and vault maps discovered:
D:1:      saegor_arrival_miasma, layout_basic, hangedman_decor_growths,
          minmay_tall_x

Action                   || total
-------------------------++-------
Melee: Unarmed           ||    42
       Whip              ||    12
 Cast: Sandblast         ||     1
 Stab: Sleeping          ||     1
Armor: Leather armour    ||    38
Dodge: Dodged            ||    53
